[Event "Team 45 45 League T45"]
[Site "Internet Chess Club"]
[Date "2010.06.10"]
[Round "6"]
[White "cobbler"]
[Black "rook9999"]
[Result "0-1"]
[WhiteElo "1118"]
[BlackElo "1614"]
[Opening "Réti: King's Indian attack, Keres variation"]
[ECO "A07"]
[Time "18:02:16"]
[TimeControl "2700+45"]

1. Nf3 d5 2. g3 Bg4 3. Bg2 Nd7 4. O-O e5 5. d3 Ngf6 6. Nbd2 Bd6 7. c3 c6 8. Qc2
Qc7 9. e4 O-O 10. h3 Bh5 11. Re1 Nc5 12. Nh4 Bg6 13. Nxg6 fxg6 14. Nf3 dxe4 15.
dxe4 Rad8 16. Ng5 Rfe8 17. Be3 Rd7 18. b4 Ne6 19. Nxe6 Rxe6 20. Bxa7 b6 21. Qa4
Re8 22. Qa6 Qxa7 23. Qc4+ Kh8 24. Qxc6 Qc7 25. Qxc7 Rxc7 26. Re3 Rec8 27. Rc1
Bxb4 28. Rb1 Bxc3 29. Rxb6 Bd4 30. Re6 Bxe3 31. fxe3 Rc1+ 32. Kh2 Re8 33. Ra6
Kg8 34. Ra5 Ra1 35. h4 Ng4+ 36. Kh3 Nxe3 37. Bf3 Rf8 38. Bg2 Rf2 39. Ra3 Nxg2
40. Ra8+ Kf7 41. Ra7+ Ke8 42. Ra8+ Kd7 43. Ra7+ Kc6 44. Rxg7 Ne3 45. g4 Rf3+ 46.
Kh2 Rxa2+ {White resigns} 0-1

[Event "Team 45 45 League T45"]
[Site "Internet Chess Club"]
[Date "2010.06.12"]
[Round "6"]
[White "tyler66"]
[Black "dpmdpm"]
[Result "1-0"]
[WhiteElo "1252"]
[BlackElo "1339"]
[Opening "Sicilian"]
[ECO "B50"]
[Time "13:00:23"]
[TimeControl "2700+45"]

1. e4 c5 2. Nf3 d6 3. Nc3 Nf6 4. Bc4 Nc6 5. a3 a6 6. d3 b5 7. Ba2 Bb7 8. Bg5 e6
9. O-O Be7 10. Ne2 O-O 11. c3 Re8 12. h3 Qc7 13. b4 cxb4 14. axb4 Nd7 15. Bxe7
Rxe7 16. Bb3 Nce5 17. Nxe5 Nxe5 18. Qc2 Rd8 19. d4 Nc4 20. Qd3 d5 21. e5 Rf8 22.
Bxc4 bxc4 23. Qd2 f6 24. exf6 Rxf6 25. Ra5 Qd8 26. Rfa1 Qf8 27. Ng3 Ref7 28. Rf1
Rg6 29. Qe2 Re7 30. Rfa1 Qe8 31. Qe5 Rf7 32. Re1 Qf8 33. Rf1 Rxg3 34. Qxg3 Rf6
35. Re1 Rg6 36. Qe3 Qf5 37. Rc5 Qf7 38. Ra5 Qf5 39. b5 axb5 40. Rxb5 Qf7 41.
Reb1 Bc8 42. Rb8 Qf8 43. Ra1 {Black resigns} 1-0

[Event "Team 45 45 League T45"]
[Site "Internet Chess Club"]
[Date "2010.06.15"]
[Round "6"]
[White "supraholic"]
[Black "seattleblues"]
[Result "0-1"]
[WhiteElo "1306"]
[BlackElo "1272"]
[Opening "French: exchange variation"]
[ECO "C01"]
[Time "22:01:11"]
[TimeControl "2700+45"]

1. e4 e6 2. d4 d5 3. exd5 exd5 4. Bb5+ c6 5. Bd3 Nf6 6. Nf3 Bd6 7. O-O O-O 8.
Bg5 Nbd7 9. c4 dxc4 10. Bxc4 Nb6 11. b3 Nxc4 12. bxc4 b6 13. Nc3 Re8 14. Qa4 Bd7
15. Bxf6 Qxf6 16. Rfe1 a5 17. Ne4 Qf4 18. Nxd6 Rxe1+ 19. Rxe1 Qxd6 20. Qc2 g6
21. Kf1 Bf5 22. Qe2 Qe6 23. Qxe6 Bxe6 24. Nd2 Rd8 25. Re4 Bf5 26. Rf4 Re8 27. d5
Bd3+ {White resigns} 0-1

[Event "Team 45 45 League T45"]
[Site "Internet Chess Club"]
[Date "2010.06.12"]
[Round "6"]
[White "jocooper"]
[Black "otib2006"]
[Result "0-1"]
[WhiteElo "1072"]
[BlackElo "1269"]
[Opening "King's Indian, 3.Nf3"]
[ECO "E61"]
[Time "09:00:21"]
[TimeControl "2700+45"]

1. d4 Nf6 2. Nf3 g6 3. c4 Bg7 4. Nc3 O-O 5. Bg5 d6 6. e3 Bf5 7. Be2 Nc6 8. O-O
Qd7 9. Nh4 Rfe8 10. Bd3 Bxd3 11. Qxd3 Qg4 12. Nf3 Rad8 13. h3 Qd7 14. a3 e5 15.
d5 Na5 16. Ne4 Qf5 17. g4 Qxe4 18. Qxe4 Nxe4 19. Bxd8 Rxd8 20. Rad1 Rf8 21. Nd2
Ng5 22. Kg2 f5 23. b4 Nxc4 24. Nxc4 fxg4 25. hxg4 Bf6 26. f3 e4 27. fxe4 Nxe4
28. Nd2 Ng5 29. Rf4 Kg7 30. Rdf1 h6 31. Ne4 Nxe4 32. Rxe4 Bb2 33. Re7+ Kg8 34.
Rxf8+ Kxf8 35. Rxc7 Bxa3 36. Rxb7 Bc1 37. e4 Be3 38. b5 Ke8 39. Kf3 Bd4 40. Rg7
Bxg7 41. Ke3 Kd7 42. Kd3 Kc7 43. Kc4 Kb6 44. Kb4 h5 45. gxh5 gxh5 46. Kc4 h4 47.
Kd3 h3 48. Ke2 h2 {White resigns} 0-1

[Event "Team 45 45 League T45"]
[Site "Internet Chess Club"]
[Date "2010.06.13"]
[Round "6"]
[White "dpmdpm"]
[Black "BosqueVerde"]
[Result "1-0"]
[WhiteElo "1364"]
[BlackElo "1213"]
[Opening "Scotch opening"]
[ECO "C44"]
[Time "14:00:33"]
[TimeControl "2700+45"]

1. e4 e5 2. Nf3 Nc6 3. d4 d5 4. Nc3 Bb4 5. exd5 Nxd4 6. Nxd4 exd4 7. Qxd4 Bxc3+
8. bxc3 Nf6 9. Bc4 O-O 10. O-O Bf5 11. Ba3 Re8 12. Rab1 b6 13. Bb3 Re4 14. Qd2
c5 15. c4 Qd6 16. Bb2 Ng4 17. g3 Qg6 18. f3 Nxh2 19. Qxh2 Re7 20. Rbe1 Rae8 21.
Rxe7 Rxe7 22. Qg2 Re3 23. g4 Bd7 24. Qf2 Qh6 25. Bc1 Rxf3 26. Qxf3 Qh4 27. Qxf7+
Kh8 28. Qf8# {Black checkmated} 1-0

[Event "Team 45 45 League T45"]
[Site "Internet Chess Club"]
[Date "2010.06.11"]
[Round "6"]
[White "cru"]
[Black "guyd52"]
[Result "1-0"]
[WhiteElo "1305"]
[BlackElo "1239"]
[Opening "Philidor: Nimzovich variation"]
[ECO "C41"]
[Time "18:18:34"]
[TimeControl "2700+45"]

1. e4 e5 2. Nf3 d6 3. d4 Nf6 4. dxe5 Nxe4 5. exd6 Nxd6 6. Bg5 f6 7. Bf4 b6 8.
Nc3 Bb7 9. Qe2+ Be7 10. O-O-O Nc6 11. Qe6 Qd7 12. Qxd7+ Kxd7 13. Bb5 a6 14. Bc4
Rad8 15. Rhe1 Kc8 16. Be6+ Kb8 17. Nd5 g5 18. Bg3 f5 19. Nxe7 Nxe7 20. Nxg5 Ne4
21. Nxe4 Bxe4 22. Rxd8+ Rxd8 23. f3 Bd5 24. Rd1 {Black resigns} 1-0

[Event "Team 45 45 League T45"]
[Site "Internet Chess Club"]
[Date "2010.06.12"]
[Round "6"]
[White "wekabird"]
[Black "dabodhi"]
[Result "0-1"]
[WhiteElo "1211"]
[BlackElo "1309"]
[Opening "English, Kramnik-Shirov counterattack"]
[ECO "A21"]
[Time "18:00:06"]
[TimeControl "2700+45"]

1. c4 e5 2. Nc3 Bb4 3. e4 d6 4. a3 Bxc3 5. bxc3 f5 6. d3 f4 7. h3 Nf6 8. Nf3 O-O
9. Be2 Nbd7 10. O-O Nc5 11. a4 Qe8 12. a5 Bd7 13. Qd2 Nb3 14. Qb2 Nxa1 15. Qxa1
Qg6 16. Kh1 Qh5 17. Ng1 Ng4 18. Bxg4 Bxg4 19. f3 Be6 20. Qa2 g5 21. d4 g4 22. d5
Bd7 23. Ba3 gxh3 24. Nxh3 Bxh3 25. gxh3 Qxh3+ 26. Qh2 Qxf1+ 27. Qg1+ Qxg1+ 28.
Kxg1 Rf6 29. c5 Rg6+ 30. Kf2 Rh6 31. cxd6 cxd6 32. Kg2 Rc8 33. Bb2 Rc7 34. Ba3
Rg7+ 35. Kf2 Rh2+ 36. Kf1 Rgg2 37. Bxd6 Ra2 38. Kg1 Rhb2 {White resigns} 0-1

[Event "Team 45 45 League T45"]
[Site "Internet Chess Club"]
[Date "2010.06.13"]
[Round "6"]
[White "Hieroglyph"]
[Black "hcarstens"]
[Result "0-1"]
[WhiteElo "1144"]
[BlackElo "1272"]
[Opening "Réti opening"]
[ECO "A04"]
[Time "05:02:17"]
[TimeControl "2700+45"]

1. Nf3 e6 2. g3 d5 3. d3 b6 4. Nbd2 Bb4 5. Bg2 Bb7 6. O-O f5 7. c3 Bd6 8. d4 f4
9. Ne5 fxg3 10. fxg3 Nf6 11. Ndf3 Nbd7 12. a3 Nxe5 13. dxe5 Bc5+ 14. e3 Ne4 15.
Nd4 Qe7 16. Bh3 Ng5 17. Qg4 Nxh3+ 18. Qxh3 O-O-O 19. Nxe6 Kb8 20. Nxd8 Qxd8 21.
e6 Be7 22. Bd2 Qd6 23. Rf7 Bc8 24. Raf1 Bxe6 25. Qh5 g6 26. Qf3 Bxf7 27. Qxf7
Rf8 28. Qxh7 Rxf1+ 29. Kxf1 Kb7 30. Qh3 c6 31. Qg2 b5 32. h4 Kb6 33. Qf2 Qe6 34.
Kg2 Qe4+ 35. Kf1 Qd3+ 36. Ke1 Qb1+ 37. Ke2 Qxb2 38. e4+ Bc5 {White resigns} 0-1

[Event "Team 45 45 League T45"]
[Site "Internet Chess Club"]
[Date "2010.06.11"]
[Round "6"]
[White "cazj"]
[Black "Toalla"]
[Result "1-0"]
[WhiteElo "1309"]
[BlackElo "1182"]
[Opening "Sicilian defense"]
[ECO "B30"]
[Time "18:17:24"]
[TimeControl "2700+45"]

1. e4 c5 2. Nf3 Nc6 3. Bc4 e6 4. Nc3 a6 5. d3 b5 6. Bb3 b4 7. Na4 Qc7 8. Be3 d6
9. c3 a5 10. d4 cxd4 11. cxd4 Qb7 12. d5 Na7 13. Rc1 Bd7 14. Nb6 Rb8 15. Nxd7
Qxd7 16. Bxa7 Qxa7 17. Ba4+ Kd8 18. Ng5 h6 19. Nf3 Nf6 20. Qd4 Qb6 21. O-O Be7
22. e5 Ne8 23. Rc6 Qb7 24. dxe6 fxe6 25. exd6 Bf6 26. Ne5 Bxe5 27. Qxe5 Qd7 28.
Rb6 Qxd6 29. Rxd6+ {Black resigns} 1-0

[Event "Team 45 45 League T45"]
[Site "Internet Chess Club"]
[Date "2010.06.11"]
[Round "6"]
[White "carolinaknight"]
[Black "iwin2"]
[Result "0-1"]
[WhiteElo "1267"]
[BlackElo "1061"]
[Opening "Sicilian: closed"]
[ECO "B23"]
[Time "21:00:20"]
[TimeControl "2700+45"]

1. e4 c5 2. Nc3 g6 3. f4 Bg7 4. Qf3 Nc6 5. Bc4 e6 6. Nb5 Nge7 7. Nd6+ Kf8 8. Ne2
a6 9. a3 Qc7 10. e5 f6 11. d3 Kg8 12. Nc3 fxe5 13. fxe5 Nxe5 14. Qe4 Qxd6 15.
Bf4 h6 16. O-O g5 17. Bd2 h5 18. Ba2 Ng4 19. Bxg5 Qxh2# {White checkmated} 0-1

[Event "Team 45 45 League T45"]
[Site "Internet Chess Club"]
[Date "2010.06.10"]
[Round "6"]
[White "ordinaryboy"]
[Black "ffplayer"]
[Result "0-1"]
[WhiteElo "890"]
[BlackElo "1056"]
[Opening "QGD: Marshall defense"]
[ECO "D06"]
[Time "19:03:37"]
[TimeControl "2700+45"]

1. d4 d5 2. c4 Nf6 3. cxd5 Nxd5 4. e4 Nf6 5. Nc3 e6 6. Nf3 Bb4 7. Bd3 O-O 8. O-O
Nbd7 9. a3 Ba5 10. Bf4 Bxc3 11. bxc3 c5 12. Qd2 Re8 13. Rad1 cxd4 14. cxd4 a6
15. e5 Nd5 16. Rfe1 Nxf4 17. Qxf4 f6 18. Qe4 f5 19. Qe3 b5 20. d5 Qe7 21. dxe6
Qxe6 22. Ng5 Qg6 23. h4 Rxe5 24. Qf4 Qf6 25. Rxe5 Nxe5 26. Bc2 h6 27. Nf3 Nxf3+
28. Qxf3 Be6 29. Qxa8+ Kh7 30. f3 Qxh4 31. Kf1 Qh1+ 32. Ke2 Qxg2+ 33. Kd3 Bc4+
34. Kc3 Qg5 35. Rd7 Qf6+ 36. Kd2 Qg5+ 37. Kd1 Qg1+ 38. Kd2 Qg5+ 39. Kc3 Qe3+ 40.
Bd3 Qc1+ 41. Kb4 Bxd3 42. Rxd3 Qc4+ 43. Ka5 Qxd3 44. Qxa6 Qxa3+ 45. Kb6 Qxa6+
46. Kxa6 b4 47. Ka5 b3 48. Ka4 b2 49. Ka3 b1=Q 50. Ka4 Qb2 51. Ka5 Qb3 52. f4
Kg8 53. Ka6 Qb4 54. Ka7 Qb5 55. Ka8 Kf7 56. Ka7 Ke7 57. Ka8 Kd7 58. Ka7 Kc7 59.
Ka8 Qb7# {White checkmated} 0-1

[Event "Team 45 45 League T45"]
[Site "Internet Chess Club"]
[Date "2010.06.12"]
[Round "6"]
[White "crazyhorses"]
[Black "CameronD"]
[Result "1-0"]
[WhiteElo "1490"]
[BlackElo "1722"]
[Opening "Caro-Kann: two knights variation"]
[ECO "B10"]
[Time "19:02:26"]
[TimeControl "2700+45"]

1. e4 c6 2. Nf3 d5 3. Nc3 d4 4. Ne2 c5 5. Ng3 Nc6 6. Bb5 a6 7. Bxc6+ bxc6 8. Ne5
Qc7 9. f4 g6 10. O-O Bg7 11. Qf3 Nh6 12. d3 O-O 13. Nc4 Be6 14. b3 f5 15. Ba3
Bxc4 16. bxc4 Qa5 17. Bc1 Rab8 18. a4 Qc3 19. Ba3 Qxc2 20. exf5 Nxf5 21. Nxf5
Rxf5 22. g4 Rf7 23. Bxc5 Rb3 24. Rad1 Rb2 25. Rf2 Qxf2+ 26. Qxf2 Rxf2 27. Kxf2
Rxf4+ 28. Kg3 Be5 29. Re1 Re4+ 30. Kf2 Rxe1 31. Kxe1 Bf6 32. Kf2 Kf7 33. Kf3 e5
34. Ke4 Ke6 35. h3 Bh4 36. Bf8 Bd8 37. Bg7 Bf6 38. Bf8 Kd7 39. Bc5 Kc7 40. Bf8
Kb6 41. Bd6 Ka5 42. Bxe5 Bxe5 43. Kxe5 Kxa4 44. Kd6 Kb4 45. Kxc6 a5 46. c5 a4
47. Kd6 a3 48. c6 a2 49. c7 a1=Q 50. c8=Q Qc3 51. Qb7+ Ka3 52. Qb5 h6 53. Kd5
Qc2 54. Qc5+ Qxc5+ 55. Kxc5 Ka4 {Black resigns} 1-0

[Event "Team 45 45 League T45"]
[Site "Internet Chess Club"]
[Date "2010.06.13"]
[Round "6"]
[White "vaknight"]
[Black "GadsHill"]
[Result "1-0"]
[WhiteElo "1685"]
[BlackElo "1528"]
[Opening "Bird's opening"]
[ECO "A03"]
[Time "12:00:44"]
[TimeControl "2700+45"]

1. f4 d5 2. b3 Nf6 3. Bb2 c5 4. Nf3 Nc6 5. e3 g6 6. Bd3 Bg7 7. O-O O-O 8. Nc3
Re8 9. Na4 b6 10. Nc3 Bb7 11. f5 e5 12. fxg6 hxg6 13. Ng5 e4 14. Ncxe4 dxe4 15.
Bc4 Ne5 16. Bxe5 Bd5 17. Bxd5 Qxd5 18. Bxf6 Bxf6 19. Rxf6 Qxg5 20. Qf1 Re7 21.
Qf2 Rf8 22. Rf1 Kg7 23. h4 Qg4 24. Rf4 Qe6 25. g4 g5 26. Rf5 gxh4 27. Rg5+
{Black resigns} 1-0

[Event "Team 45 45 League T45"]
[Site "Internet Chess Club"]
[Date "2010.06.15"]
[Round "6"]
[White "whiskeytown"]
[Black "mongmong"]
[Result "1-0"]
[WhiteElo "1494"]
[BlackElo "1486"]
[Opening "French: King's Indian attack"]
[ECO "C00"]
[Time "19:06:47"]
[TimeControl "2700+45"]

1. e4 e6 2. d3 d5 3. Nd2 Be7 4. g3 Nf6 5. Bg2 b6 6. e5 Nfd7 7. Ngf3 c5 8. O-O
Nc6 9. Re1 Qc7 10. Qe2 Ba6 11. Nb3 Rc8 12. c3 c4 13. dxc4 Bxc4 14. Qe3 Nc5 15.
Nxc5 Bxc5 16. Qg5 O-O 17. h4 Rfe8 18. h5 Be7 19. Qg4 Bf8 20. Bh6 g6 21. Bxf8
Rxf8 22. h6 Qe7 23. Nd4 Nxd4 24. cxd4 Ba6 25. Rac1 Rxc1 26. Rxc1 Rc8 27. Rxc8+
Bxc8 28. Bxd5 f5 29. exf6 Qxf6 30. Bb3 g5 31. d5 Qxb2 32. dxe6 Qc1+ 33. Kh2 Qc6
34. e7+ Kh8 35. Qd4+ {Black resigns} 1-0

[Event "Team 45 45 League T45"]
[Site "Internet Chess Club"]
[Date "2010.06.13"]
[Round "6"]
[White "CKNIGHT3"]
[Black "AngryPirate"]
[Result "1-0"]
[WhiteElo "1468"]
[BlackElo "1470"]
[Opening "Nimzo-Indian: three knights variation"]
[ECO "E21"]
[Time "22:01:00"]
[TimeControl "2700+45"]

1. d4 e6 2. c4 Nf6 3. Nc3 Bb4 4. Nf3 b6 5. Bg5 h6 6. Bh4 g5 7. Bg3 Ne4 8. Qd3
Nxg3 9. fxg3 Bb7 10. e4 d6 11. Be2 Nd7 12. O-O Bxc3 13. bxc3 c5 14. Rad1 Nf6 15.
Nd2 Qc7 16. Rxf6 {Black resigns} 1-0

[Event "Team 45 45 League T45"]
[Site "Internet Chess Club"]
[Date "2010.06.11"]
[Round "6"]
[White "SugarIslander"]
[Black "MaxII"]
[Result "1-0"]
[WhiteElo "1712"]
[BlackElo "1639"]
[Opening "Old Benoni defense"]
[ECO "A43"]
[Time "13:03:54"]
[TimeControl "2700+45"]

1. d4 c5 2. c3 e6 3. e4 cxd4 4. cxd4 Bb4+ 5. Bd2 Bxd2+ 6. Qxd2 Ne7 7. Nc3 d5 8.
e5 Nbc6 9. Nf3 O-O 10. Bd3 Qb6 11. O-O Ng6 12. Ne2 f6 13. Bxg6 hxg6 14. Qc2 fxe5
15. Qxg6 Rf6 16. Qe8+ Rf8 17. Qh5 Rf5 18. Ng5 Rxg5 19. Qxg5 Nxd4 20. Nxd4 exd4
21. Qe7 Qc6 22. Rac1 Qd7 23. Rc7 Qxe7 24. Rxe7 Kf8 25. Rc7 b6 26. Rd1 e5 27. f4
exf4 28. Rxd4 g5 29. Rxd5 Be6 30. Rxg5 Bxa2 31. Rf5+ Kg8 32. Rxf4 Rd8 33. Rxa7
Be6 34. h3 Rd1+ 35. Kh2 Rd2 36. Re4 Bd7 37. b4 Bc6 38. Rg4+ Kf8 39. Rg6 Be4 40.
Rg4 Bd5 41. h4 Bf3 42. Rf4+ {Black resigns} 1-0

[Event "Team 45 45 League T45"]
[Site "Internet Chess Club"]
[Date "2010.06.09"]
[Round "6"]
[White "zepled37"]
[Black "MrKarma"]
[Result "1-0"]
[WhiteElo "1737"]
[BlackElo "1611"]
[Opening "Scandinavian: Kiel variation"]
[ECO "B01"]
[Time "19:30:24"]
[TimeControl "2700+45"]

1. e4 d5 2. exd5 Nf6 3. d4 Nxd5 4. c4 Nb4 5. a3 N4c6 6. d5 Ne5 7. Nf3 Bg4 8. Qb3
Nbd7 9. Nxe5 Nxe5 10. Qg3 f6 11. f4 Nxc4 12. Bxc4 Bh5 13. O-O Qd6 14. Kh1 O-O-O
15. Qh3+ {Black resigns} 1-0

[Event "Team 45 45 League T45"]
[Site "Internet Chess Club"]
[Date "2010.06.11"]
[Round "6"]
[White "oldsj"]
[Black "BrerRabbit"]
[Result "1-0"]
[WhiteElo "1622"]
[BlackElo "1482"]
[Opening "Pirc: Austrian attack, dragon formation"]
[ECO "B09"]
[Time "19:02:21"]
[TimeControl "2700+45"]

1. e4 d6 2. d4 Nf6 3. Nc3 g6 4. f4 Bg7 5. Nf3 c5 6. e5 dxe5 7. dxe5 Qxd1+ 8.
Kxd1 Ng4 9. Ke2 Bd7 10. h3 Nh6 11. g4 Nc6 12. Be3 b6 13. Rd1 O-O-O 14. Kf2 f6
15. Ba6+ Kb8 16. Bb5 Kb7 17. exf6 exf6 18. Rd2 Be6 19. Rhd1 Nf7 20. Ne4 Rxd2+
21. Rxd2 Rd8 22. b3 f5 23. gxf5 Bxf5 24. Bd3 Kc7 25. Nfg5 Nxg5 26. Nxg5 Rd6 27.
Bxf5 gxf5 28. Nxh7 Nb4 29. a3 Rxd2+ 30. Bxd2 Nxc2 31. Ng5 Kc6 32. a4 Nd4 33. Bc3
Bf8 34. Bxd4 cxd4 35. Ne6 Bd6 36. Nxd4+ Kc5 37. Ke3 Kb4 38. h4 Bf8 39. h5 Bg7
40. Nxf5 Bf6 41. h6 Kxb3 42. Nd4+ Kxa4 43. Ke4 b5 44. h7 b4 45. f5 b3 46. Nxb3
Kxb3 47. Kd5 a5 48. Ke6 Bh8 49. f6 a4 50. f7 Bg7 51. f8=Q Bxf8 52. h8=Q a3 53.
Qa1 Bg7 54. Qxg7 a2 55. Qa1 Ka3 56. Kd5 {Black resigns} 1-0

[Event "Team 45 45 League T45"]
[Site "Internet Chess Club"]
[Date "2010.06.13"]
[Round "6"]
[White "SpeedBlade"]
[Black "rom1"]
[Result "1-0"]
[WhiteElo "1414"]
[BlackElo "1507"]
[Opening "English, 1...Nf6 (Anglo-Indian defense)"]
[ECO "A15"]
[Time "15:15:27"]
[TimeControl "2700+45"]

1. c4 Nf6 2. g3 e5 3. Bg2 Nc6 4. Nc3 Be7 5. e4 d6 6. Nge2 Bd7 7. d3 O-O 8. O-O
Rb8 9. h3 h6 10. Be3 a6 11. a4 Nh7 12. f4 exf4 13. Nxf4 Bf6 14. Qd2 Bd4 15. Kh2
Bxe3 16. Qxe3 Ne5 17. Rf2 c6 18. d4 Nxc4 19. Qe2 b5 20. b3 Nb6 21. a5 Nc8 22. b4
Ne7 23. Raf1 Qc7 24. Qd3 Ng6 25. Nxg6 fxg6 26. e5 Be6 27. Qxg6 Qd7 28. Be4 Ng5
29. h4 Nxe4 30. Nxe4 dxe5 31. Nf6+ {Black resigns} 1-0

[Event "Team 45 45 League T45"]
[Site "Internet Chess Club"]
[Date "2010.06.14"]
[Round "6"]
[White "The-Capitalist"]
[Black "JimGaming"]
[Result "1-0"]
[WhiteElo "1403"]
[BlackElo "1254"]
[Opening "Sicilian defense"]
[ECO "B34"]
[Time "21:04:53"]
[TimeControl "2700+45"]

1. e4 c5 2. Nf3 Nc6 3. d4 cxd4 4. Nxd4 g6 5. Be3 Bg7 6. Nc3 Nf6 7. Nxc6 bxc6 8.
e5 Nd5 9. Nxd5 cxd5 10. Qxd5 Rb8 11. O-O-O Qc7 12. Bc4 O-O 13. Qc5 Bxe5 14. Qxc7
Bxc7 15. Bc5 Be5 16. c3 d6 17. Bxa7 Ra8 18. Be3 Kg7 19. f4 Bf6 20. a3 Bb7 21.
Bd5 Bxd5 22. Rxd5 Ra6 23. Rhd1 Re8 24. g4 Kg8 25. g5 Bg7 26. h4 Bf8 27. Kc2 e6
28. Rb5 e5 29. fxe5 Rxe5 30. Rxe5 dxe5 31. Rd8 Kg7 32. c4 Rc6 33. Kc3 f5 34.
gxf6+ Rxf6 35. c5 Rf3 36. Kd2 Rxe3 37. Kxe3 Bxc5+ 38. Ke4 Kf6 39. b4 Be7 40. Rd7
h6 41. Rxe7 Kxe7 42. Kxe5 Kd7 43. a4 Kc7 44. a5 Kb7 45. b5 Ka7 46. Kf6 g5 47.
hxg5 hxg5 48. Kxg5 Kb7 49. Kf6 Ka7 50. Ke5 Kb7 51. Kd6 Ka7 52. Kc6 Kb8 53. b6
Ka8 54. a6 Kb8 55. a7+ Ka8 56. b7+ Kxa7 57. Kc7 {Black resigns} 1-0

[Event "Team 45 45 League T45"]
[Site "Internet Chess Club"]
[Date "2010.06.11"]
[Round "6"]
[White "rgadoury"]
[Black "MateIn42"]
[Result "1-0"]
[WhiteElo "1298"]
[BlackElo "1415"]
[Opening "Queen's Indian defense"]
[ECO "A47"]
[Time "20:00:22"]
[TimeControl "2700+45"]

1. d4 Nf6 2. Nf3 b6 3. g3 Bb7 4. Bg2 e6 5. O-O Be7 6. Nbd2 c5 7. Re1 cxd4 8.
Nxd4 Bxg2 9. Kxg2 d5 10. e3 Qd7 11. Qe2 Nc6 12. c3 O-O 13. f3 Rfe8 14. Qb5 Rab8
15. Qxc6 Rb7 16. Qxd7 Rxd7 17. e4 dxe4 18. Nxe4 Nd5 19. a3 f5 20. Ng5 Bxg5 21.
Bxg5 h6 22. Bd2 e5 23. Nxf5 Rf7 24. Nd6 Re6 25. Nxf7 Kxf7 26. c4 Nf6 27. Bc3 e4
28. Bxf6 exf3+ 29. Kxf3 Rxf6+ 30. Kg2 Rd6 31. Red1 Re6 32. Re1 Rd6 33. Rad1 Rc6
34. b3 a6 35. Rd5 g5 36. g4 Rf6 37. Rf1 Rf4 38. Rxf4+ gxf4 39. Rf5+ {Black
resigns} 1-0

[Event "Team 45 45 League T45"]
[Site "Internet Chess Club"]
[Date "2010.06.14"]
[Round "6"]
[White "bowwrestler"]
[Black "Joeohio"]
[Result "1-0"]
[WhiteElo "1105"]
[BlackElo "1073"]
[Opening "Petrov's defense"]
[ECO "C42"]
[Time "10:00:24"]
[TimeControl "2700+45"]

1. e4 e5 2. Nf3 Nf6 3. Nxe5 Qe7 4. Nf3 Nxe4 5. Be2 d5 6. d3 Nf6 7. h3 Nc6 8. Bf4
h6 9. O-O g5 10. Bh2 Be6 11. Nc3 O-O-O 12. a3 g4 13. Ne5 Nxe5 14. Bxe5 gxh3 15.
g3 Rg8 16. Kh1 Bg4 17. Bxg4+ Nxg4 18. Bf4 h5 19. Qf3 d4 20. Ne4 f5 21. Nd2 h4
22. Rae1 Qc5 23. gxh4 Bd6 24. Nc4 Bxf4 25. Qxf4 Rge8 26. b4 Qf8 27. Ne5 Qe7 28.
Qxf5+ Rd7 29. Nf3 Nxf2+ 30. Rxf2 Qf7 31. Qxf7 Rxf7 32. Rxe8+ Kd7 33. Ne5+ Kd6
34. Nxf7+ Kd7 35. Re4 Kc6 36. h5 Kd5 37. h6 Kc6 38. h7 Kb5 39. h8=Q Ka4 40. Qh5
b5 41. c4 c6 42. Qd1+ Kxa3 43. Qb1 bxc4 44. Ra2# {Black checkmated} 1-0

[Event "Team 45 45 League T45"]
[Site "Internet Chess Club"]
[Date "2010.06.12"]
[Round "6"]
[White "sere"]
[Black "KidRattler"]
[Result "0-1"]
[WhiteElo "1103"]
[BlackElo "1119"]
[Opening "QGD Slav defense"]
[ECO "D10"]
[Time "10:05:32"]
[TimeControl "2700+45"]

1. d4 d5 2. c4 c6 3. Nc3 Bf5 4. Bf4 Nf6 5. Nf3 e6 6. e3 Bb4 7. Qb3 Bxc3+ 8. Qxc3
Qb6 9. c5 Qd8 10. Be2 Nbd7 11. O-O O-O 12. Bd3 Bxd3 13. Qxd3 Ne4 14. Nd2 Ndf6
15. Bg5 Nxg5 16. f3 Qc7 17. h4 Nxf3+ 18. Rxf3 Ng4 19. e4 Qh2+ 20. Kf1 Qh1+ 21.
Ke2 Qxa1 {White resigns} 0-1

[Event "Team 45 45 League T45"]
[Site "Internet Chess Club"]
[Date "2010.06.14"]
[Round "6"]
[White "theartist"]
[Black "KingOfHearts"]
[Result "1-0"]
[WhiteElo "1192"]
[BlackElo "1272"]
[Opening "QGA: 3.e4"]
[ECO "D20"]
[Time "12:31:18"]
[TimeControl "2700+45"]

1. d4 d5 2. c4 dxc4 3. e4 e5 4. Nf3 Nc6 5. dxe5 Qxd1+ 6. Kxd1 Bg4 7. Bxc4 Nxe5
8. Be2 O-O-O+ 9. Ke1 Nd3+ 10. Bxd3 Bxf3 11. gxf3 Rxd3 12. Be3 Kb8 13. Ke2 Rd6
14. Bc5 Rd8 15. Bxf8 Rxf8 16. Rg1 g6 17. Nc3 Nf6 18. Rad1 Kc8 19. Nd5 Nxd5 20.
Rxd5 Re8 21. Rgd1 f5 22. Ke3 Rhf8 23. R1d4 g5 24. Kd3 c6 25. Rxf5 Rxf5 26. exf5
c5 27. Re4 Rf8 28. Re5 b6 29. Ke4 Kd7 30. Re6 Rf7 31. Ke5 b5 32. f6 a5 33. Re7+
Rxe7+ 34. fxe7 Kxe7 35. Kd5 c4 36. Kc5 Ke6 37. Kxb5 Ke5 38. Kxa5 Kf4 39. Kb5
Kxf3 40. a4 g4 41. a5 Kxf2 42. a6 Kg2 43. a7 Kxh2 44. a8=Q g3 45. Qh8 g2 46.
Qxh7+ Kg1 47. Qg6 Kf2 48. Kxc4 {Black resigns} 1-0

[Event "Team 45 45 League T45"]
[Site "Internet Chess Club"]
[Date "2010.06.14"]
[Round "6"]
[White "Cicero"]
[Black "NewfieKnight"]
[Result "1-0"]
[WhiteElo "1182"]
[BlackElo "1076"]
[Opening "French: advance variation"]
[ECO "C02"]
[Time "17:30:10"]
[TimeControl "2700+45"]

1. d4 e6 2. e4 d5 3. e5 c5 4. c3 cxd4 5. cxd4 Bb4+ 6. Nc3 Qa5 7. Bd2 Nc6 8. a3
Bxc3 9. Bxc3 Qd8 10. Nf3 f6 11. Bd3 fxe5 12. dxe5 d4 13. Nxd4 Nxd4 14. Bxd4 Qxd4
15. Bg6+ hxg6 16. Qxd4 Ne7 17. O-O Nc6 18. Qe4 Rh5 19. Qxg6+ {Black resigns} 1-0

[Event "Team 45 45 League T45"]
[Site "Internet Chess Club"]
[Date "2010.06.12"]
[Round "6"]
[White "Electryon"]
[Black "randallsr"]
[Result "1-0"]
[WhiteElo "1456"]
[BlackElo "1725"]
[Opening "English opening"]
[ECO "A10"]
[Time "16:01:08"]
[TimeControl "2700+45"]

1. c4 g6 2. g3 b6 3. Bg2 Nc6 4. Nc3 Bb7 5. b3 Bg7 6. Bb2 e6 7. e3 Nge7 8. Nf3
O-O 9. O-O a6 10. Qe2 d5 11. d4 a5 12. Rfd1 Na7 13. cxd5 Nxd5 14. Nxd5 Bxd5 15.
Rac1 Re8 16. Qd2 Rc8 17. Ne1 Bxg2 18. Nxg2 c6 19. Nf4 Qe7 20. Qe2 Qb7 21. Qf3
Re7 22. Ba3 Rd7 23. Nd3 Qb8 24. Qf4 Qb7 25. Ne5 Bxe5 26. Qxe5 Rd5 27. Qe4 Rcd8
28. Qf3 Qa6 29. Be7 R8d7 30. Ba3 Rf5 31. Qg2 Qe2 32. Ra1 Nb5 33. Qxc6 Rfd5 34.
Qc1 Nxa3 35. Qxa3 Rf5 36. Rf1 e5 37. Rae1 Qg4 38. Qc1 Rh5 39. f3 Qe6 40. Rf2 Rf5
41. e4 Rf6 42. dxe5 Qxe5 43. Qc8+ Kg7 44. Qxd7 Qc5 45. Kg2 Rd6 46. Qb7 Qc3 47.
Ree2 Rc6 48. Rd2 Rc7 49. Qxb6 Qe5 50. Qd4 {Black resigns} 1-0